 Dungeon Crawl Stone Soup version 0.30-a0-172-gc5509c9e31 (webtiles) character file.

Game seed: 12447100439647784598

902 tbh1313 the Cleaver (level 7, -1/57 HPs)
             Began as a Minotaur Berserker on Oct 2, 2022.
             Was a Believer of Trog.
             Slain by a gnoll sergeant
             ... wielding a +0 trident
              (10 damage)
             ... on level 4 of the Dungeon.
             The game lasted 00:06:14 (3618 turns).

tbh1313 the Cleaver (Minotaur Berserker)            Turns: 3618, Time: 00:06:14

Health: -1/57      AC: 12    Str: 22    XL:     7   Next: 80%
Magic:  6/6        EV:  8    Int:  6    God:    Trog [**....]
Gold:   179        SH:  0    Dex:  9    Spells: 6/6 levels left

rFire   . . .      SeeInvis .    a - +0 hand axe
rCold   . . .      Faith    .    (no shield)
rNeg    . . .      Spirit   .    l - +0 chain mail
rPois   .          Reflect  .    (helmet restricted)
rElec   .          Harm     .    t - +1 cloak
rCorr   .          Rampage  .    (no gloves)
Will    .....                    n - +0 pair of boots
Stlth   ..........               (no amulet)
HPRegen 0.29/turn                (no ring)
MPRegen 0.10/turn                (no ring)

@: mighty, invisible
A: horns 2, retaliatory headbutt
a: Renounce Religion, Berserk, Trog's Hand


You were on level 4 of the Dungeon.
You worshipped Trog.
Trog was pleased with you.
You visited 1 branch of the dungeon, and saw 5 of its levels.

You collected 179 gold pieces.

Inventory:

Hand Weapons
 a - a +0 hand axe (weapon)
Missiles
 k - 9 atropa-tipped darts (quivered)
Armour
 l - a +0 chain mail (worn)
 n - a +0 pair of boots (worn)
 t - a +1 cloak (worn)
Wands
 w - a wand of mindburst (13)
Scrolls
 b - a scroll of amnesia {unknown}
 c - a scroll of fog {unknown}
 e - 2 scrolls of magic mapping {unknown}
 f - 3 scrolls of identify {unknown}
 g - 2 scrolls of fear {unknown}
 h - a scroll of noise {unknown}
 m - a scroll of acquirement {unknown}
 p - 2 scrolls of immolation {unknown}
 r - 3 scrolls of teleportation {unknown}
 v - a scroll of torment {unknown}
Potions
 i - a potion of haste {unknown}
 j - a potion of attraction
 o - a potion of cancellation
 q - a potion of invisibility
 s - a potion of curing {unknown}
 u - a potion of brilliance {unknown}
 x - a potion of heal wounds {unknown}


   Skills:
 - Level 3.6 Fighting
 + Level 8.7 Axes
 + Level 5.9 Throwing
 - Level 2.4 Armour
 - Level 2.1 Dodging


You had 6 spell levels left.
You didn't know any spells.
Your spell library was empty.

Dungeon Overview and Level Annotations

Branches:
Dungeon (5/15)             Temple (0/1) D:4

Altars:
Sif Muna

Shops:
D:1 [

Annotations:
D:1 1 transporter


Innate Abilities, Weirdness & Mutations

You have a pair of horns on your head.
You reflexively headbutt those who attack you in melee.


Message History

The gnoll sergeant hits you with a +0 trident!
You closely miss the gnoll.
The gnoll shouts!
Your headbutt misses the gnoll.
The gnoll is lightly wounded.
You barely miss the gnoll sergeant. The gnoll barely misses you.
The gnoll sergeant hits you with a +0 trident!
* * * LOW HITPOINT WARNING * * *
Okay, then.
It was a potion of attraction.
You feel attractive to monsters. The gnoll barely misses you.
The gnoll sergeant barely misses you.
It was a potion of cancellation.
Your magical effects are unravelling.
You feel magically purged. The gnoll hits you but does no damage.
The gnoll sergeant closely misses you.
You feel less attractive to monsters.
It was a potion of invisibility.
You fade into invisibility!
The gnoll hits you with a +0 halberd.
* * * LOW HITPOINT WARNING * * *
The gnoll sergeant hits you but does no damage.
It was a potion of might.
You feel very mighty all of a sudden. The gnoll hits you but does no damage.
The gnoll sergeant hits you but does no damage.
The gnoll barely misses you.
Things that are here:
a +0 spear; a gnoll corpse You see here 12 gold pieces.
There is a stone staircase leading up here.
The gnoll sergeant hits you but does no damage.
You climb upwards.
There is a stone staircase leading down here.
You barely miss the gnoll sergeant. The gnoll sergeant closely misses you.
You hit the gnoll sergeant.
The gnoll sergeant is moderately wounded.
You hit the gnoll sergeant.
The gnoll sergeant is heavily wounded.
The gnoll sergeant hits you with a +0 trident!
You die...

##.......## ##.##.#
##.....## ####.#
##...## #.# ##'## #.#
#.# #.# ## #.# #.# .##
##<## #.#
..####...###########.#
...##...........@g...#
..>.##...###.#.#######
.....##..###.#.#
.............#.#
....###..#####.# ..#.#
#..# #.# ....#
#..#####.# #####
#........#
#######.########


You could see a gnoll sergeant (unable to see you).

Levels and vault maps discovered:
D:1:      spicycebolla_arrival_risky_transporter, layout_basic, serial_shops,
          nicolae_shop_statue_plus, minmay_tripent
D:2:      layout_basic, minmay_shallow_snake_nest
D:3:      layout_loops_ring, uniq_grinder
D:4:      layout_loops_corners, lemuel_blue_sif_altar,
          minmay_temple_entry_junction
D:5:      layout_loops_ring, kennysheep_opposing_triangles, uniq_menkaure

Notes
Turn   | Place    | Note
-------+----------+-------------------------------------------
     0 | D:1      | tbh1313 the Minotaur Berserker began the quest for the Orb.
     0 | D:1      | Reached XP level 1. HP: 19/19 MP: 0/0
    59 | D:1      | Reached skill level 4 in Axes
   210 | D:1      | Reached XP level 2. HP: 24/26 MP: 1/1
   697 | D:1      | Found Zehetush's Armour Shop.
   722 | D:1      | Reached XP level 3. HP: 29/31 MP: 2/2
   968 | D:2      | Reached skill level 1 in Throwing
   971 | D:2      | Reached skill level 5 in Axes
  1012 | D:2      | Reached ** piety under Trog
  1220 | D:2      | Reached XP level 4. HP: 33/39 MP: 3/3
  1555 | D:3      | Noticed a phantom
  1566 | D:3      | Killed a phantom
  1567 | D:3      | Reached XP level 5. HP: 33/45 MP: 4/4
  1628 | D:3      | Noticed Grinder
  1637 | D:3      | Reached skill level 6 in Axes
  1646 | D:3      | Killed Grinder
  1647 | D:3      | Reached skill level 7 in Axes
  1647 | D:3      | Reached XP level 6. HP: 51/51 MP: 5/5
  1704 | D:3      | Noticed an orc warrior
  1718 | D:3      | Killed an orc warrior
  2344 | D:3      | Reached XP level 7. HP: 46/57 MP: 6/6
  2548 | D:4      | Found a staircase to the Ecumenical Temple.
  2588 | D:4      | Reached skill level 5 in Throwing
  3287 | D:4      | Found a shimmering blue altar of Sif Muna.
  3344 | D:5      | Entered Level 5 of the Dungeon
  3377 | D:5      | Reached skill level 8 in Axes
  3606 | D:5      | HP: 5/57 [gnoll/+0 halberd[a gnoll sergeant] (5)]
  3618 | D:4      | Slain by a gnoll sergeant

Table legend: (Time is in decaauts)
 A = Elapsed time spent in this place.
 B = Non-inter-level travel time spent in this place.
 C = Inter-level travel time spent in this place.
 D = Time resting spent in this place.
 E = Time spent auto-exploring this place.
 F = Levels seen in this place.
 G = Mean time per level.
                   A        B        C        D        E       F      G
               +--------+--------+--------+--------+--------+-----+--------+
         Total |   3625 |   3566 |     59 |    323 |   2637 |   5 |  725.0 |
       Dungeon |   3625 |   3566 |     59 |    323 |   2637 |   5 |  725.0 |
               +--------+--------+--------+--------+--------+-----+--------+

Top non-repeatable levels by time:
     D:3: 936 daAuts
     D:1: 887 daAuts
     D:4: 885 daAuts
     D:2: 650 daAuts
     D:5: 265 daAuts

Table legend:
 A = Kills in this place as a percentage of kills in entire the game.
 B = Kills by you in this place as a percentage of kills by you in the entire game.
 C = Kills by friends in this place as a percentage of kills by friends in the entire game.
 D = Other kills in this place as a percentage of other kills in the entire game.
 E = Experience gained in this place as a percentage of experience gained in the entire game.
 F = Experience gained in this place divided by the number of levels of this place that you have seen.
                   A       B       C       D       E      F
               +-------+-------+-------+-------+-------+----------------------
         Total | 100.0 | 100.0 |   N/A |   N/A | 100.0 | 257.8
       Dungeon | 100.0 | 100.0 |   N/A |   N/A | 100.0 | 257.8
               +-------+-------+-------+-------+-------+----------------------

Action                   |  1- 3 |  4- 6 |  7- 9 || total
-------------------------+-------+-------+-------++-------
Melee: Hand axe          |   100 |    95 |    82 ||   277
       Headbutt          |     6 |     5 |    15 ||    26
       Punch             |       |     1 |       ||     1
Invok: Berserk           |       |     2 |       ||     2
       Trog's Hand       |       |     1 |       ||     1
  Use: Potion            |       |       |     4 ||     4
Armor: Animal skin       |    10 |       |       ||    10
       Chain mail        |    41 |    43 |    46 ||   130
Dodge: Dodged            |    45 |    29 |    44 ||   118

Vanquished Creatures
  Grinder (D:3)
  An orc warrior (D:3)
  2 phantoms
  A necrophage (D:5)
  3 scorpions
  A hound (D:3)
  A gnoll (D:5)
  7 adders
  A white imp (D:4)
  4 worms
  5 orcs
  10 ball pythons
  5 bats
  An endoplasm (D:1)
  A giant cockroach (D:1)
  10 goblins
  10 hobgoblins
  8 jackals
  10 kobolds
  5 quokkas
  3 frilled lizards (D:2)
  4 rats
94 creatures vanquished.

Vanquished Creatures (others)
  2 fungi (D:2)
2 creatures vanquished.

Grand Total: 96 creatures vanquished
